 Dungeon Crawl Stone Soup version 0.28.0-45-g0d030f2227 (webtiles) character file.

Game seed: 5369579973106799459

102 MisterFreud the Slasher (level 4, -1/38 HPs)
             Began as a Draconian Cinder Acolyte on Mar 31, 2022.
             Was a High Priest of Ignis.
             Killed from afar by an orc wizard (6 damage)
             ... with a puff of flame
             ... on level 2 of the Dungeon.
             The game lasted 00:02:20 (2358 turns).

MisterFreud the Slasher (Draconian Cinder Acolyte)  Turns: 2358, Time: 00:02:21

Health: -1/38      AC:  5    Str: 17    XL:     4   Next: 49%
Magic:  2/5        EV: 11    Int: 14    God:    Ignis [*****.]
Gold:   59         SH:  0    Dex:  8    Spells: 3/5 levels left

rFire   + . .      SeeInvis .   a - -1 falchion (flame)
rCold   . . .      Faith    .   (no shield)
rNeg    . . .      Spirit   .   (armour unavailable)
rPois   .          Reflect  .   (helmet restricted)
rElec   .          Harm     .   (no cloak)
rCorr   .          Rampage  .   (no gloves)
Will    .....                   (no boots)
Stlth   +.........              (no amulet)
HPRegen 0.12/turn               (no ring)
MPRegen 0.09/turn               (no ring)

@: no status effects
A: AC +5, unfitting armour, cold-blooded
a: Renounce Religion, Fiery Armour, Foxfire Swarm, Rising Flame


You were on level 2 of the Dungeon.
You worshipped Ignis.
Ignis was extremely pleased with you.
You visited 1 branch of the dungeon, and saw 2 of its levels.

You collected 59 gold pieces.

Inventory:

Hand Weapons
 a - a -1 falchion of flaming (weapon)
Scrolls
 b - 2 scrolls of identify {unknown}
 d - 2 scrolls of enchant weapon {unknown}
 e - a scroll of teleportation {unknown}
Potions
 c - a potion of curing {unknown}
 f - a potion of mutation {unknown}
 g - a potion of lignification {unknown}
 h - 2 potions of berserk rage {unknown}


   Skills:
 - Level 3.4 Fighting
 + Level 5.0 Long Blades
 - Level 1.2 Spellcasting
 - Level 3.1 Fire Magic


You had 3 spell levels left.
You knew the following spells:

 Your Spells              Type           Power      Damage    Failure   Level
a - Scorch                Fire           18%        2d6       11%         2

Your spell library contained the following spells:

 Spells                   Type           Power      Damage    Failure   Level


Dungeon Overview and Level Annotations

Branches:
Dungeon (2/15)

Altars:


Innate Abilities, Weirdness & Mutations

Your plain brown scales are hard. (AC +5)
You cannot fit into any form of body armour.
You are cold-blooded and may be slowed by cold attacks.


Message History

The orc hits you but does no damage.
You hit the orc but do no damage.
The orc is moderately wounded.
The orc hits you with a +0 short sword.
The orc wizard gestures wildly while chanting.
The orc wizard flickers and vanishes!
Deactivating autopickup; reactivate with Ctrl-A.
You hit the orc. You burn the orc.
You kill the orc!
You miss something.
You hear some strange, mumbled words.
Something tries to affect you, but you resist.
You hit something. You burn something. Something hits you.
You miss something. Something hits you but does no damage.
You miss something. Something hits you.
You barely miss something.
Your tail-slap misses something.
Something hits you but does no damage.
You hit something but do no damage. You punch something.
Something hits you but does no damage.
You completely miss something.
Something hits you but does no damage. x2
You hit something but do no damage. You tail-slap something.
Something hits you.
You closely miss something. Something hits you.
You closely miss something.
Your tail-slap misses something.
Something hits you but does no damage.
Casting: Scorch (safe; 11% risk of failure)
Confirm with . or Enter, or press ? or * to list all spells.
Flames lash the orc.
You kill the orc!
Something hits you.
You barely miss something. Something hits you.
You hit something but do no damage. Something hits you.
* * * LOW HITPOINT WARNING * * *
You miss something. Something hits you but does no damage.
You miss something. Something hits you.
* * * LOW HITPOINT WARNING * * *
You hear some strange, mumbled words.
A puff of flame appears from out of thin air!
The puff of flame hits you. You resist.
You die...

##.##
####.##.###.........######
##...######.##.###..########
............##......#####
##...##############.....#
###.## #####.# ....# #.#
##### #.# ##############.#
#.).o{.@.......#
##.#####.##############
.o.oo)o..# ##.#######


You could see an orc.

Vanquished Creatures
  A hound (D:2)
  2 adders
  A gnoll (D:1)
  A dart slug (D:2)
  3 orcs (D:2)
  4 ball pythons (D:2)
  6 endoplasms (D:1)
  4 giant cockroaches
  4 goblins
  2 quokkas
  2 bats (D:2)
  2 kobolds
  3 rats (D:1)
35 creatures vanquished.

Notes
Turn   | Place    | Note
-------+----------+-------------------------------------------
     0 | D:1      | MisterFreud the Draconian Cinder Acolyte began the quest
                  | for the Orb.
     0 | D:1      | Reached XP level 1. HP: 19/19 MP: 2/2
   300 | D:1      | Reached XP level 2. HP: 20/26 MP: 3/3
   303 | D:1      | Learned a level 2 spell: Scorch
  1242 | D:1      | Reached skill level 4 in Long Blades
  1242 | D:1      | Reached XP level 3. HP: 26/31 MP: 0/4
  2028 | D:2      | Reached XP level 4. HP: 25/38 MP: 0/5
  2327 | D:2      | Reached skill level 5 in Long Blades
  2358 | D:2      | Killed from afar by an orc wizard

Illustrated notes

Levels and vault maps discovered:
D:1:      lemuel_arrival_funnel, layout_basic
D:2:      layout_loops_ring, minmay_unequal

Skill      XL: |  1  2  3  4 |
---------------+-------------+-----
Long Blades    | 4 5 |  5.0
Fighting       | |  3.4
Spellcasting   | |  1.2
Fire Magic     | |  3.1

Action                   |  1- 3 |  4- 6 || total
-------------------------+-------+-------++-------
Melee: Falchion          |    51 |    20 ||    71
       Tailslap          |     2 |     2 ||     4
       Punch             |       |     1 ||     1
 Cast: Scorch            |    19 |     5 ||    24
Armor: Skin              |    17 |    11 ||    28
Dodge: Dodged            |    31 |       ||    31
